 Dungeon Crawl Stone Soup version 0.29-a0-830-gcb1280458a (webtiles) character file.

Game seed: 1091960311680038493

2 soberaf the Sneak (level 1, 0/15 HPs)
             Began as a Naga Fire Elementalist on July 11, 2022.
             Slain by a quokka (1 damage)
             ... on level 1 of the Dungeon.
             The game lasted 00:00:49 (113 turns).

soberaf the Sneak (Naga Fire Elementalist)           Turns: 113, Time: 00:00:50

Health: 0/15       AC:  1    Str: 10    XL:     1   Next: 30%
Magic:  1/3        EV:  9    Int: 15    God:
Gold:   0          SH:  0    Dex: 11    Spells: 3/4 levels left

rFire   . . .      SeeInvis +   (no weapon)
rCold   . . .      Faith    .   (no shield)
rNeg    . . .      Spirit   .   a - +0 robe
rPois   +          Reflect  .   (no helmet)
rElec   .          Harm     .   (no cloak)
rCorr   .          Rampage  .   (no gloves)
Will    .....                   (no barding)
Stlth   ++........              (no amulet)
HPRegen 0.05/turn               (no ring)
MPRegen 0.08/turn               (no ring)

@: short of breath, very slow
A: AC +0, large, see invisible, deformed body, poison resistance, slowness 2,
spit poison 1, naga tail 1
a: Spit Poison


You were on level 1 of the Dungeon.
You visited 1 branch of the dungeon, and saw 1 of its levels.

Inventory:

Armour
 a - a +0 robe (worn)
Scrolls
 c - a scroll of fear {unknown}
Potions
 b - a potion of magic


   Skills:
 + Level 1.5 Dodging
 + Level 3.0 Stealth
 + Level 2.1 Spellcasting
 + Level 1.0 Conjurations
 + Level 3.0 Fire Magic


You had 3 spell levels left.
You knew the following spells:

 Your Spells              Type           Power      Damage    Failure   Level
a - Foxfire               Conj/Fire      28%        2x1d5     10%         1

Your spell library contained the following spells:

 Spells                   Type           Power      Damage    Failure   Level
 Scorch                   Fire           20%        2d6       10%         2
 Conjure Flame            Conj/Fire      7%         6-21      28%         3
 Inner Flame              Hex/Fire       6%         N/A       34%         3
 Flame Wave               Conj/Fire      7%         2d5       67%         4


Dungeon Overview and Level Annotations

Branches:
Dungeon (1/15)

Altars:


Innate Abilities, Weirdness & Mutations

Your serpentine skin is tough. (AC +0)
You have supernaturally acute eyesight. (SInv)
Armour fits poorly on your strangely shaped body.
Your system is resistant to poisons. (rPois)
You cover ground very slowly.
You can spit poison.
You have a snake-like lower body.


Message History

Confirm with . or Enter, or press ? or * to list all spells.
You conjure some foxfire!
The quokka closely misses you. The quokka bites you.
The quokka barely misses you.
Your foxfire dissipates!
You barely miss the quokka. The quokka barely misses you. The quokka bites you.
Casting: Foxfire (safe; 10% risk of failure)
Confirm with . or Enter, or press ? or * to list all spells.
You conjure some foxfire!
You have got your breath back.
The quokka bites you. The quokka barely misses you.
Your foxfire dissipates!
The quokka attacks as you move away! The quokka closely misses you.
The quokka bites you.
Aiming: Spit Poison (3% risk of failure)
Press: ? - help, Q - select action, (/) - cycle Shift-Dir - straight line, f/p - quokka
Aim: a quokka (38% to hit)
The splash of poison hits the quokka.
The quokka is moderately wounded.
The quokka bites you but does no damage.
You closely miss the quokka.
The quokka is moderately wounded.
The quokka barely misses you.
You miss the quokka.
The quokka is moderately wounded.
The quokka bites you.
* * * LOW HITPOINT WARNING * * *
Okay, then.
You closely miss the quokka.
The quokka is moderately wounded.
You have got your breath back.
The quokka bites you.
* * * LOW HITPOINT WARNING * * *
Aiming: Spit Poison (3% risk of failure)
Press: ? - help, Q - select action, (/) - cycle Shift-Dir - straight line, f/p - quokka
Aim: a quokka (38% to hit)
The splash of poison hits the quokka.
The quokka is poisoned.
The quokka is severely wounded.
The quokka bites you.
You die...

....... .......
....... .......
†...... .......
###############.......
#.........@rg.......#
##.###############..#
##............#
#...#########.# #####
####.# #....# #.####
##########....#
#..........#..##. ..


You could see a quokka (poisoned) and a hobgoblin.

Vanquished Creatures
  2 bats (D:1)
2 creatures vanquished.

Vanquished Creatures (others)
  A foxfire (D:1)
1 creature vanquished.

Grand Total: 3 creatures vanquished

Notes
Turn   | Place    | Note
-------+----------+-------------------------------------------
     0 | D:1      | soberaf the Naga Fire Elementalist began the quest for the
                  | Orb.
     0 | D:1      | Reached XP level 1. HP: 15/15 MP: 3/3
   113 | D:1      | Slain by a quokka

Illustrated notes

Levels and vault maps discovered:
D:1:      dpeg_arrival_ternary, layout_basic, dreamdust_ecumenical_altar_statues

Action                   || total
-------------------------++-------
Melee: Unarmed           ||     4
 Cast: Foxfire           ||     4
 Abil: Spit Poison       ||     3
Armor: Robe              ||     2
Dodge: Dodged            ||     6

Table legend: (Time is in decaauts)
 A = Elapsed time spent in this place.
 B = Non-inter-level travel time spent in this place.
 C = Inter-level travel time spent in this place.
 D = Time resting spent in this place.
 E = Time spent auto-exploring this place.
 F = Levels seen in this place.
 G = Mean time per level.
                   A        B        C        D        E       F      G
               +--------+--------+--------+--------+--------+-----+--------+
         Total |    146 |    146 |      0 |      0 |    122 |   1 |  146.0 |
       Dungeon |    146 |    146 |      0 |      0 |    122 |   1 |  146.0 |
               +--------+--------+--------+--------+--------+-----+--------+

Top non-repeatable levels by time:
     D:1: 146 daAuts
